 Dungeon Crawl Stone Soup version 0.26-a0-846-gcc8f1ee719 (webtiles) character file.

Game seed: 2298054774281336013

16146 Demosthentine the Nimble (level 12, -1/147 HPs)
             Began as a Formicid Fighter on Nov 19, 2020.
             Was a High Priest of Cheibriados.
             Slain by a death yak (4 damage)
             ... on level 11 of the Dungeon.
             The game lasted 00:15:59 (11861 turns).

Demosthentine the Nimble (Formicid Fighter)        Turns: 11861, Time: 00:16:00

Health: -1/147     AC: 26    Str: 38    XL:     12   Next: 66%
Magic:  0/16       EV:  2    Int: 21    God:    Cheibriados [*****.]
Gold:   115        SH: 14    Dex: 24    Spells: 11/11 levels left

rFire    + . .     SeeInvis .   x - +1 war axe (flame)
rCold    . . .     Faith    .   A - +0 kite shield
rNeg     + + +     Spirit   +   (armour currently unavailable)
rPois    +         Reflect  .   (helmet unavailable)
rElec    .         Harm     .   (cloak currently unavailable)
rCorr    .         Rampage  .   (gloves currently unavailable)
MR       +....                  (boots currently unavailable)
Stlth    ++........             l - amulet of guardian spirit
HPRegen  0.34/turn              d - ring of positive energy
MPRegen  0.15/turn              k - ring of protection from fire

@: tree-form, studying Dodging, very slow
A: permanent stasis, dig shafts and tunnels, four strong arms
a: Bend Time, Temporal Distortion, Slouch, Step From Time, Renounce Religion


You were on level 11 of the Dungeon.
You worshipped Cheibriados.
Cheibriados was extremely pleased with you.
You were a tree.
You visited 2 branches of the dungeon, and saw 12 of its levels.

You collected 755 gold pieces.
You spent 640 gold pieces at shops.

Inventory:

Hand Weapons
 x - a +1 war axe of flaming (weapon)
Armour
 a - a +1 cloak (melded)
 c - the +2 scale mail of the Hart (melded) {rF+ Int+7 Stlth-}
   (You bought it in a shop on level 9 of the Dungeon)

   It affects your intelligence (+7).
   It protects you from fire.
   It makes you less stealthy.
 n - a +0 pair of gloves (melded)
 u - a +0 pair of boots (melded)
 A - a +0 kite shield (worn)
Jewellery
 d - a ring of positive energy (left branch)
 k - a ring of protection from fire (right branch)
 l - an amulet of guardian spirit (around neck)
Wands
 h - a wand of paralysis (17)
 m - a wand of enslavement (8)
 v - a wand of iceblast (6)
Scrolls
 e - 3 scrolls of remove curse
 p - 7 scrolls of identify
 y - a scroll of amnesia
 B - a scroll of enchant weapon {unknown}
Potions
 b - a potion of mutation {unknown}
 f - 2 potions of curing
 i - 3 potions of heal wounds
 j - a potion of attraction
 q - 3 potions of invisibility
 r - 3 potions of flight
 s - 4 potions of brilliance
 t - a potion of cancellation
 w - 2 potions of magic
 z - a potion of resistance
Books
 o - a manual of Dodging


   Skills:
 + Level 10.3 Fighting
 + Level 9.2 Axes
 + Level 10.3 Armour
 + Level 10.8 Dodging
 - Level 9.0 Shields
 + Level 6.4 Invocations


You had 11 spell levels left.
You didn't know any spells.
Your spell library contained the following spells:

 Spells                   Type           Power        Failure   Level
 Poisonous Vapours        Pois/Air       #.....       26%         2
 Conjure Flame            Conj/Fire      #.......     47%         3
 Mephitic Cloud           Conj/Pois/Air  #.......     47%         3
 Freezing Cloud           Conj/Ice/Air   #.........   100%        6


Dungeon Overview and Level Annotations

Branches:
Dungeon (11/15)            Temple (1/1) D:6            Lair (0/6) D:11
    Orc (0/2) D:9

Altars:
Ashenzari
Cheibriados
Dithmenos
Elyvilon
Fedhas
Gozag
Hepliaklqana
Kikubaaqudgha
Makhleb
Nemelex Xobeh
Okawaru
Qazlal
Ru
Sif Muna
Trog
Uskayaw
Vehumet
Wu Jian
Xom
Yredelemnul
Zin
The Shining One
Beogh

Shops:
D:5 *   D:6 *   D:9 [

Annotations:
D:11 exclusion: ice statue


Innate Abilities, Weirdness & Mutations

You cannot be hasted, slowed, berserked, paralysed or teleported.
You can dig through walls and to a lower floor.
Your four strong arms can wield two-handed weapons with a shield.
((You have a pair of large antennae on your head. (SInv)))


Message History

You slash the death yak! You burn the death yak.
The death yak is moderately wounded.
The death yak gores you!
* * * LOW HITPOINT WARNING * * *
You hit the death yak. You burn the death yak.
The death yak is moderately wounded.
The dream sheep shake their wool and sparkle.
You feel drowsy...
You fall asleep.
The death yak gores you!!!
You wake up.
* * * LOW HITPOINT WARNING * * *
You slash the death yak! You burn the death yak.
The death yak is heavily wounded.
You block the death yak's attack.
You slash the death yak! You burn the death yak.
The death yak is severely wounded.
You block the death yak's attack.
You barely miss the death yak.
The death yak is severely wounded.
The death yak gores you.
You die...

........##'##.##'### #°#
........##.#..##.### #.#
........##.# #÷# #.#
.......###'#####'#####'#
###....'...............#
# #....'...............#
# #....###'#####'#####'#
# #.....##.# #.# #.# #
#.....##.# #♣# #.# #
#.....##'#####Y### #'# #
#.....#...###YYY## ... #
#.....#...###YYY###☼°°#
#...###YYY###..°#
#...###.Y.###°°.#
#################
#######


You could see 5 death yaks, 3 yaks and 3 dream sheep.

Vanquished Creatures
  3 two-headed ogres
  A hydra (D:11)
  5 death yaks (D:11)
  The ghost of SolusNox the Skirmisher, a novice MiBe of Trog (D:6)
  A manticore (D:11)
  Maurice (D:8)
  Maggie (D:8)
  A dream sheep (D:11)
  A shadow (D:11)
  5 wyverns
  7 yaks (D:11)
  4 humans (D:11)
  A basilisk (D:11)
  A steam dragon (D:9)
  Edmund (D:4)
  5 water moccasins
  2 ice beasts
  A necrophage (D:9)
  7 orc warriors
  2 phantoms
  3 sky beasts
  4 black bears
  5 centaurs
  An ogre (D:11)
  2 wolves (D:10)
  6 bullfrogs
  3 big kobolds
  5 scorpions
  4 killer bees (D:10)
  9 wights
  2 bullfrog zombies
  A jelly (D:8)
  3 centaur skeletons
  5 orc priests
  5 hounds
  2 bullfrog skeletons
  A gnoll shaman (D:7)
  Terence (D:2)
  5 iguanas
  9 orc wizards
  4 worker ants
  Robin (D:2)
  A howler monkey zombie (D:9)
  6 gnolls
  12 adders
  3 shadow imps
  5 white imps
  An ufetubus (D:5)
  An adder zombie (D:5)
  7 worms
  The ghost of DocClef the Covert, a weakling GnDe (D:5)
  A dart slug (D:2)
  5 leopard geckos
  59 orcs
  9 bats
  6 giant cockroaches
  13 goblins
  13 hobgoblins
  18 jackals
  20 kobolds
  6 quokkas
  5 ball pythons
  3 frilled lizards
  A leopard gecko skeleton (D:3)
  A leopard gecko zombie (D:5)
  A quokka zombie (D:9)
  3 rats
333 creatures vanquished.

Vanquished Creatures (others)
  An orc (D:9)
  4 fungi (D:11)
  18 plants
23 creatures vanquished.

Grand Total: 356 creatures vanquished

Notes
Turn   | Place    | Note
-------+----------+-------------------------------------------
     0 | D:1      | Demosthentine the Formicid Fighter began the quest for the
                  | Orb.
     0 | D:1      | Reached XP level 1. HP: 18/18 MP: 1/1
   179 | D:1      | Reached XP level 2. HP: 20/24 MP: 2/2
   544 | D:1      | Reached XP level 3. HP: 24/29 MP: 3/3
  1025 | D:2      | Reached skill level 1 in Dodging
  1245 | D:2      | Reached XP level 4. HP: 12/37 MP: 4/4
  1712 | D:2      | Reached XP level 5. HP: 40/42 MP: 5/5
  1722 | D:2      | Noticed Robin
  1736 | D:2      | Killed Robin
  2064 | D:2      | Noticed Terence
  2078 | D:2      | Killed Terence
  2233 | D:2      | Found a faded altar of an unknown god.
  2616 | D:3      | Reached XP level 6. HP: 42/48 MP: 6/6
  3050 | D:4      | Found a bloodstained altar of Trog.
  3062 | D:4      | Noticed a phantom
  3090 | D:4      | Killed a phantom
  3374 | D:4      | Reached skill level 5 in Shields
  3374 | D:4      | Reached XP level 7. HP: 44/55 MP: 5/7
  3999 | D:4      | Noticed Edmund
  4010 | D:4      | Killed Edmund
  4011 | D:4      | Reached skill level 5 in Fighting
  4011 | D:4      | Reached skill level 5 in Armour
  4231 | D:5      | Entered Level 5 of the Dungeon
  4327 | D:5      | Reached XP level 8. HP: 53/62 MP: 6/8
  4530 | D:5      | Found a runed translucent gate.
  4530 | D:5      | Found a runed translucent gate.
  4530 | D:5      | Found a runed translucent gate.
  4741 | D:5      | Found Fuuc's Assorted Antiques.
  4766 | D:5      | Bought a scroll labelled YXOOLEG LAOHEI for 25 gold pieces
  4766 | D:5      | Bought a scroll labelled ZAFAMUVIRHE for 25 gold pieces
  4766 | D:5      | Bought a scroll of identify for 50 gold pieces
  4766 | D:5      | Bought a bubbling blue potion for 22 gold pieces
  4766 | D:5      | Bought a scroll of identify for 50 gold pieces
  4766 | D:5      | Bought a scroll of identify for 50 gold pieces
  4801 | D:5      | Identified the +3 leather armour of Creativity {-Cast
                  | +Blink rC+}
  4801 | D:5      | Noticed DocClef's ghost (weakling GnDe)
  4803 | D:5      | Found a roughly hewn altar of Beogh.
  5072 | D:5      | Found a shimmering blue altar of Sif Muna.
  5380 | D:5      | Killed DocClef's ghost
  5498 | D:5      | Acquired a manual of Dodging
  5565 | D:6      | Found Biekk's Assorted Antiques.
  5777 | D:6      | Reached XP level 9. HP: 41/69 MP: 6/9
  5829 | D:6      | Reached skill level 5 in Axes
  6239 | D:6      | Found a staircase to the Ecumenical Temple.
  6405 | Temple   | Entered the Ecumenical Temple
  6570 | Temple   | Became a worshipper of Cheibriados the Contemplative
  6692 | D:6      | Found a large runed translucent door.
  6692 | D:6      | Found a large runed translucent door.
  6694 | D:6      | Noticed SolusNox's ghost (novice MiBe)
  6775 | D:6      | Bought a scroll labelled NEIN KI HIX XIBB for 23 gold
                  | pieces
  6824 | D:7      | Reached skill level 5 in Dodging
  7248 | D:7      | Reached * piety under Cheibriados
  7611 | D:6      | Killed SolusNox's ghost
  7612 | D:6      | Reached XP level 10. HP: 75/79 MP: 10/10
  8022 | D:8      | Noticed Maurice
  8024 | D:8      | Reached ** piety under Cheibriados
  8068 | D:8      | Noticed a two-headed ogre
  8076 | D:8      | Killed a two-headed ogre
  8085 | D:8      | Killed Maurice
  8274 | D:8      | Noticed Maggie
  8290 | D:8      | Killed Maggie
  8663 | D:5      | Bought a potion of heal wounds for 125 gold pieces
  8742 | D:9      | Found Hemak's Antique Armour Boutique.
  8791 | D:9      | Found a glowing silver altar of Zin.
  8794 | D:9      | Found a sparkling altar of Nemelex Xobeh.
  9054 | D:9      | Reached *** piety under Cheibriados
  9159 | D:9      | Reached XP level 11. HP: 81/87 MP: 9/11
  9412 | D:9      | Found a staircase to the Orcish Mines.
  9744 | D:10     | Entered Level 10 of the Dungeon
  9754 | D:10     | Reached skill level 1 in Invocations
  9816 | D:10     | Reached **** piety under Cheibriados
 10557 | D:11     | Found a staircase to the Lair.
 10558 | D:11     | Noticed a manticore
 10657 | D:9      | Bought a pitted scale mail for 270 gold pieces
 10658 | D:9      | Identified the +2 scale mail of the Hart {rF+ Int+7 Stlth-}
                  | (You bought it in a shop on level 9 of the Dungeon)
 10735 | D:11     | Killed a manticore
 10735 | D:11     | Reached ***** piety under Cheibriados
 10960 | D:11     | Noticed a two-headed ogre
 10968 | D:11     | Killed a two-headed ogre
 11214 | D:11     | Noticed a two-headed ogre
 11221 | D:11     | Killed a two-headed ogre
 11222 | D:11     | Reached XP level 12. HP: 84/97 MP: 11/15
 11319 | D:11     | Noticed a four-headed hydra
 11327 | D:11     | Killed a one-headed hydra
 11328 | D:11     | Reached skill level 10 in Dodging
 11328 | D:11     | Reached skill level 5 in Invocations
 11476 | D:11     | Found Fuhiokol's Jewellery Shop.
 11543 | D:11     | Noticed a death yak
 11543 | D:11     | Noticed a death yak
 11543 | D:11     | Noticed a death yak
 11543 | D:11     | Noticed a death yak
 11543 | D:11     | Noticed a death yak
 11544 | D:11     | Noticed a death yak
 11547 | D:11     | Noticed a death yak
 11547 | D:11     | Noticed a death yak
 11547 | D:11     | Noticed a death yak
 11548 | D:11     | Noticed a death yak
 11561 | D:11     | Killed a death yak
 11573 | D:11     | Killed a death yak
 11574 | D:11     | Reached skill level 10 in Fighting
 11574 | D:11     | Reached skill level 10 in Armour
 11580 | D:11     | Killed a death yak
 11586 | D:11     | Killed a death yak
 11853 | D:11     | Killed a death yak
 11858 | D:11     | HP: 2/147 [death yak (39)]
 11861 | D:11     | Slain by a death yak

Illustrated notes

Levels and vault maps discovered:
D:1:      scummos_arrival_gate, layout_basic, serial_glass, glass_columns_b,
          glass_columns_a, glass_columns_b, glass_columns_a, glass_columns_a,
          glass_columns_b, chequers_avenue
D:2:      layout_loops_ring, chequers_ecumenical_altar_island, uniq_terence,
          uniq_robin
D:3:      layout_rooms
D:4:      layout_loops_corners, general_overflow_altar, uniq_edmund
D:5:      layout_cave_pods, kennysheep_mini, serial_shops,
          nicolae_shop_behind_doors, biasface_ghost_orc_armoury,
          serial_bayou_lake_a
D:6:      layout_rooms, minmay_temple_entry_fiery, ebering_ghost_disaster_area,
          serial_shops, nicolae_shop_overgrown_old_shop
D:7:      layout_rooms, kennysheep_path_1
D:8:      layout_loops_ring, uniq_maggie, uniq_maurice
D:9:      layout_big_octagon, grunt_temple_overflow_open, hiddenorc2_lemuel,
          serial_shops, nicolae_shop_window_shopping
D:10:     layout_irregular_city, dk_noncrumbling_3
D:11:     slaughterhouse, layout_long_grid, minmay_lair_entry_grove,
          serial_shops, shop_fountains, minmay_misc_feat_roman,
          minmay_misc_feat_x, minivault_15
Temple:   regret_index_temple_mists

Skill      XL: |  1  2  3  4  5  6  7  8  9 10 11 12 |
---------------+-------------------------------------+-----
Shields        | 4 5 6 7 9 |  9.0
Dodging        | 1 2 3 4 6 8 9 10 | 10.8
Armour         | 4 5 6 7 8 9 10 | 10.3
Fighting       | 4 5 6 7 8 9 10 | 10.3
Axes           | 3 4 6 7 8 9 |  9.2
Invocations    | 4 6 |  6.4

Action                   |  1- 3 |  4- 6 |  7- 9 | 10-12 || total
-------------------------+-------+-------+-------+-------++-------
Melee: War axe           |    95 |    88 |       |   418 ||   601
       Hand axe          |       |    86 |   256 |    79 ||   421
  Use: Scroll            |     3 |     3 |    11 |     3 ||    20
       Potion            |       |       |     5 |     6 ||    11
Armor: Scale mail        |    40 |    73 |    69 |   116 ||   298
       Skin              |       |       |       |    33 ||    33
Dodge: Dodged            |    39 |    70 |    89 |   244 ||   442
Block: Kite shield       |    55 |   109 |   122 |   349 ||   635

Table legend: (Time is in decaauts)
 A = Elapsed time spent in this place.
 B = Non-inter-level travel time spent in this place.
 C = Inter-level travel time spent in this place.
 D = Time resting spent in this place.
 E = Time spent auto-exploring this place.
 F = Levels seen in this place.
 G = Mean time per level.
                   A        B        C        D        E       F      G
               +--------+--------+--------+--------+--------+-----+--------+
         Total |  13782 |  12726 |   1056 |   1102 |   9103 |  12 | 1148.5 |
       Dungeon |  13526 |  12503 |   1023 |   1102 |   8935 |  11 | 1229.6 |
        Temple |    255 |    222 |     33 |      0 |    168 |   1 |  255.0 |
               +--------+--------+--------+--------+--------+-----+--------+

Top non-repeatable levels by time:
     D:2: 1609 daAuts
    D:11: 1481 daAuts
     D:9: 1438 daAuts
     D:5: 1408 daAuts
    D:10: 1339 daAuts
     D:6: 1302 daAuts
     D:4: 1277 daAuts
     D:8: 1171 daAuts
     D:7: 1050 daAuts
     D:1: 1009 daAuts
     D:3: 436 daAuts
  Temple: 255 daAuts
